 Dungeon Crawl Stone Soup version bcrawl-1.27.3 (webtiles) character file.

Game seed: 5188306744276210228

315953 pasperui the Ducker (level 9, -9/74 HPs)
             Began as a Gnoll Reaver on Sept 8, 2020.
             Was an Elder of Vehumet.
             Mangled by an orc warrior
             ... wielding a +0 glaive
              (19 damage)
             ... on level 7 of the Dungeon.
             The game lasted 00:26:53 (5473 turns).

pasperui the Ducker (Gnoll Reaver)                  Turns: 5473, Time: 00:26:54

Health: -9/74      AC:  9    Str: 17    XL:     9   Next: 59%
Magic:  8/19       EV: 16    Int: 21    God:    Vehumet [****..]
Gold:   485        SH:  2    Dex: 13    Spells: 3/21 levels left

rFire    . . .     SeeInvis .   a - +0 long sword
rCold    . . .     Gourm    .   (no shield)
rNeg     . . .     Faith    .   b - +0 steam dragon scales
rPois    .         Spirit   .   H - +0 helmet
rElec    .         Reflect  .   F - +0 cloak {+Inv}
rCorr    .         Harm     .   o - +0 pair of gloves
MR       .....     Rnd*Rage +   (no boots)
Stlth    +++.......             E - amulet of rage
HPRegen  0.22/turn              C - ring of Doaskoh {+Fly Int+4}
MPRegen  0.16/turn              k - ring of wizardry

@: berserk cooldown, slowed, very slow
A: distributed training, fangs 1, berserk 1, wild magic 1, strong nose
a: Renounce Religion, Evoke Berserk Rage, Evoke Invisibility, Evoke Flight


You were on level 7 of the Dungeon.
You worshipped Vehumet.
Vehumet was greatly pleased with you.
You were hungry.

You visited 1 branch of the dungeon, and saw 7 of its levels.
You also visited: Sewer.

You collected 485 gold pieces.

Inventory:

Hand Weapons
 a - a +0 long sword (weapon)
 G - a +3 quarterstaff of chaos
Missiles
 g - 553 stones (quivered)
 i - 232 bolts
 q - 456 arrows
Armour
 b - +0 steam dragon scales (worn)
 m - a +0 hat
 o - a +0 pair of gloves (worn)
 F - a +0 cloak of invisibility (worn)
 H - a +0 helmet (worn)
Jewellery
 k - a ring of wizardry (right hand)
 y - an uncursed ring of protection from cold
 B - an uncursed ring of stealth
 C - the ring of Doaskoh (left hand) {+Fly Int+4}
   (You took it off an orc wizard on level 4 of the Dungeon)

   [ring of flight]

   It affects your intelligence (+4).
   It lets you fly.
 E - an amulet of rage (around neck)
Wands
 s - a wand of digging (9)
 u - a wand of polymorph (13)
Scrolls
 c - a scroll of enchant armour {unknown}
 d - 3 scrolls of immolation
 f - 4 scrolls of teleportation
 h - 2 scrolls of blinking {unknown}
 l - 10 scrolls of identify
 n - 3 scrolls of amnesia {unknown}
 p - 3 scrolls of remove curse
 r - a scroll of fog {unknown}
 w - a scroll of magic mapping {unknown}
 I - a scroll of fear {unknown}
Potions
 j - 5 potions of curing
 t - a potion of haste
 x - 4 potions of flight
 z - a potion of agility {unknown}
 A - a potion of might {unknown}
 D - a potion of heal wounds {unknown}
 J - a potion of berserk rage {unknown}
 K - a potion of resistance {unknown}
Comestibles
 e - 14 rations {!d}
 v - 5 chunks of flesh


   Skills:
 + Level 7.9 Fighting
 + Level 4.3 Short Blades
 + Level 7.9 Long Blades
 + Level 4.3 Axes
 + Level 4.3 Maces & Flails
 + Level 4.3 Polearms
 + Level 4.3 Staves
 + Level 4.3 Slings
 + Level 4.3 Bows
 + Level 4.3 Crossbows
 + Level 4.3 Throwing
 + Level 4.3 Armour
 + Level 7.9 Dodging
 + Level 4.3 Stealth
 + Level 4.3 Shields
 + Level 4.3 Unarmed Combat
 + Level 6.7 Spellcasting
 + Level 3.5 Conjurations
 + Level 3.5 Hexes
 + Level 3.5 Charms
 + Level 3.5 Summonings
 + Level 3.5 Necromancy
 + Level 3.5 Translocations
 + Level 3.5 Transmutations
 + Level 3.5 Fire Magic
 + Level 3.5 Ice Magic
 + Level 3.5 Air Magic
 + Level 3.5 Earth Magic
 + Level 3.5 Poison Magic
 + Level 4.7 Invocations
 + Level 4.3 Evocations


You had 3 spell levels left.
You knew the following spells:

 Your Spells              Type           Power        Failure   Level  Hunger
a - Shock                 Conj/Air       ####.        1%          1    None
b - Sandblast             Erth           ####..       1%          1    None
c - Fulminant Prism       Conj/Hex       ####......   3%          4    ####...
d - Ice Form              Ice/Tmut       ####....     12%         4    ####...
e - Stone Arrow           Conj/Erth      ####..       1%          3    #......
f - Iskenderun's Battles  Conj/Chrm      ####....     9%          5    #####..

Your spell library contained the following spells:

 Spells                   Type           Power        Failure   Level  Hunger
 Freeze                   Ice            ####..       1%          1    None
 Throw Frost              Conj/Ice       ####..       1%          2    None
 Ozocubu's Armour         Chrm/Ice       ####....     4%          3    #......
 Throw Icicle             Conj/Ice       ####....     3%          4    ####...
 Summon Ice Beast         Ice/Summ       ####....     12%         4    ####...


Dungeon Overview and Level Annotations

Branches:
Dungeon (7/12)             Temple (0/1) D:7
   Lair: D:7-9

Altars:
Gozag
Lugonu
Nemelex Xobeh
Wu Jian
Zin
The Shining One

Shops:
D:6 }


Innate Abilities, Weirdness & Mutations

Your experience applies equally to all skills.
You have very sharp teeth.
Your uncanny sense of smell can sniff out nearby items.
You tend to lose your temper in combat.
Your spells are a little harder to cast, but a little more powerful.


Message History

Press: ? - help, Shift-Dir - straight line, f/p - orc warrior
Aim: an orc warrior, wielding a +0 glaive and wearing a +0 chain mail of magic resistance (heavily wounded)
The stone arrow hits the orc warrior.
The orc warrior is heavily wounded.
The orc warrior closely misses you.
Casting: Stone Arrow (safe; 1% risk of failure)
Confirm with . or Enter, or press ? or * to list all spells.
Aiming: Stone Arrow (safe; 1% risk of failure)
Press: ? - help, Shift-Dir - straight line, f/p - orc warrior
Aim: an orc warrior, wielding a +0 glaive and wearing a +0 chain mail of magic resistance (heavily wounded)
The stone arrow misses the orc warrior.
The orc warrior misses you.
Casting: Stone Arrow (safe; 1% risk of failure)
Confirm with . or Enter, or press ? or * to list all spells.
Aiming: Stone Arrow (safe; 1% risk of failure)
Press: ? - help, Shift-Dir - straight line, f/p - orc warrior
Aim: an orc warrior, wielding a +0 glaive and wearing a +0 chain mail of magic resistance (heavily wounded)
The stone arrow hits the orc warrior!
The orc warrior is almost dead.
The orc warrior hits you with a +0 glaive!!
You die...

∆ ..#.#.....# . #+
#.#.#(....#
#.##.##.#(##....#
##.##.##.#.##....#
.....)#.#.##....#
#.#...#.#.##.)..#
#####.#.#.......)...#
............##.#o...#
............<...@...#
....................#
∆
...##.......§§..†...#
##.###...#.§§§....###
.....#...+...§.....
####.#...#..........
.#...##...#......
.................
..#######..........


You could see an orc warrior.

Vanquished Creatures
  A centaur zombie (D:7)
  A hippogriff (D:6)
  Sigmund (D:5)
  A black bear (D:5)
  2 sky beasts
  2 ice beasts
  3 ogres
  2 centaurs
  A howler monkey (D:4)
  A crimson imp (D:7)
  A bullfrog zombie (D:6)
  Crazy Yiuf (D:5)
  A quasit (D:6)
  6 orc wizards
  A hound (D:6)
  A jelly (D:6)
  4 orc priests
  Ijyb (D:5)
  6 worker ants
  A merfolk avatar (Sewer)
  A merfolk siren (Sewer)
  3 gnolls (D:3)
  13 adders
  3 river rats (Sewer)
  2 oozes
  An adder skeleton (D:4)
  4 worms
  4 dart slugs
  5 leopard geckos
  16 orcs
  4 ball pythons (Sewer)
  6 bats
  5 giant cockroaches
  7 goblins
  5 hobgoblins
  2 jackals (D:1)
  5 quokkas
  12 frilled lizards
  A jackal zombie (D:6)
  13 kobolds
  28 rats
178 creatures vanquished.

Vanquished Creatures (others)
  25 fungi (D:7)
  9 plants (D:7)
34 creatures vanquished.

Grand Total: 212 creatures vanquished

Notes
Turn   | Place    | Note
-------+----------+-------------------------------------------
     0 | D:1      | pasperui the Gnoll Reaver began the quest for the Orb.
     0 | D:1      | Reached XP level 1. HP: 23/23 MP: 6/6
   151 | D:1      | Reached XP level 2. HP: 24/29 MP: 7/7
   305 | D:1      | Reached XP level 3. HP: 33/35 MP: 9/9
   396 | D:1      | Reached skill level 5 in Spellcasting
   420 | D:1      | Reached * piety under Vehumet
   420 | D:1      | Offered knowledge of Shock by Vehumet.
   434 | D:1      | Learned a level 1 spell: Shock
   654 | D:2      | Reached skill level 1 in Invocations
   748 | D:2      | Reached skill level 1 in Short Blades
   748 | D:2      | Reached skill level 1 in Axes
   748 | D:2      | Reached skill level 1 in Maces & Flails
   748 | D:2      | Reached skill level 1 in Polearms
   748 | D:2      | Reached skill level 1 in Staves
   748 | D:2      | Reached skill level 1 in Slings
   748 | D:2      | Reached skill level 1 in Bows
   748 | D:2      | Reached skill level 1 in Crossbows
   748 | D:2      | Reached skill level 1 in Throwing
   748 | D:2      | Reached skill level 1 in Armour
   748 | D:2      | Reached skill level 1 in Stealth
   748 | D:2      | Reached skill level 1 in Shields
   748 | D:2      | Reached skill level 1 in Unarmed Combat
   748 | D:2      | Reached skill level 1 in Evocations
   813 | D:2      | Reached XP level 4. HP: 30/41 MP: 11/11
  1336 | D:3      | Noticed an ice beast
  1351 | D:3      | HP: 1/41 [ice beast (7)]
  1355 | D:3      | Killed an ice beast
  1355 | D:3      | Reached skill level 1 in Conjurations
  1355 | D:3      | Reached skill level 1 in Hexes
  1355 | D:3      | Reached skill level 1 in Charms
  1355 | D:3      | Reached skill level 1 in Summonings
  1355 | D:3      | Reached skill level 1 in Necromancy
  1355 | D:3      | Reached skill level 1 in Translocations
  1355 | D:3      | Reached skill level 1 in Transmutations
  1355 | D:3      | Reached skill level 1 in Fire Magic
  1355 | D:3      | Reached skill level 1 in Ice Magic
  1355 | D:3      | Reached skill level 1 in Air Magic
  1355 | D:3      | Reached skill level 1 in Earth Magic
  1355 | D:3      | Reached skill level 1 in Poison Magic
  1355 | D:3      | Reached XP level 5. HP: 2/47 MP: 12/12
  1630 | D:3      | Offered knowledge of Sandblast by Vehumet.
  1633 | D:3      | Learned a level 1 spell: Sandblast
  1654 | D:3      | Reached ** piety under Vehumet
  1733 | D:3      | Reached XP level 6. HP: 42/53 MP: 13/13
  1964 | D:3      | Found a corrupted altar of Lugonu.
  2065 | D:3      | Found an opulent altar of Gozag.
  2065 | D:3      | Found a glowing silver altar of Zin.
  2368 | D:5      | Entered Level 5 of the Dungeon
  2371 | D:5      | Noticed a troll
  2423 | D:4      | Found a glowing drain.
  2500 | Sewer    | Entered a sewer
  2509 | Sewer    | Offered knowledge of Searing Ray by Vehumet.
  2510 | Sewer    | Reached XP level 7. HP: 32/59 MP: 15/15
  2651 | Sewer    | Reached *** piety under Vehumet
  2796 | Sewer    | Offered knowledge of Fulminant Prism by Vehumet.
  2804 | Sewer    | Learned a level 4 spell: Fulminant Prism
  3468 | D:4      | Identified the ring of Doaskoh {+Fly Int+4}
  3572 | D:5      | Reached **** piety under Vehumet
  3574 | D:5      | Gained mutation: Your spells are a little harder to cast,
                  | but a little more powerful. [potion of mutation]
  3574 | D:5      | Lost mutation: Your spells are a little harder to cast, but
                  | a little more powerful. [potion of mutation]
  3574 | D:5      | Gained mutation: You tend to lose your temper in combat.
                  | [potion of mutation]
  3574 | D:5      | Gained mutation: Your spells are a little harder to cast,
                  | but a little more powerful. [potion of mutation]
  3755 | D:5      | Reached XP level 8. HP: 55/67 MP: 16/16
  3787 | D:5      | Noticed Sigmund
  3793 | D:5      | Killed Sigmund
  3827 | D:5      | Found an ornate altar of the Wu Jian Council.
  3882 | D:5      | Learned a level 4 spell: Ice Form
  3942 | D:5      | Noticed Ijyb
  3979 | D:5      | Killed Ijyb
  4551 | D:6      | Found a glowing golden altar of the Shining One.
  4702 | D:5      | Found a runed door.
  4755 | D:5      | Noticed Crazy Yiuf
  4759 | D:5      | Killed Crazy Yiuf
  4802 | D:5      | Offered knowledge of Stone Arrow by Vehumet.
  4807 | D:5      | Learned a level 3 spell: Stone Arrow
  4813 | D:5      | Learned a level 5 spell: Iskenderun's Battlesphere
  4858 | D:6      | Noticed a hippogriff
  4868 | D:6      | Killed a hippogriff
  5067 | D:6      | Reached XP level 9. HP: 72/72 MP: 18/18
  5215 | D:6      | Found Kelippa's Gadget Emporium.
  5248 | D:6      | Found a sparkling altar of Nemelex Xobeh.
  5405 | D:7      | Found a staircase to the Ecumenical Temple.
  5473 | D:7      | Mangled by an orc warrior

Skill      XL: |  1  2  3  4  5  6  7  8  9 |
---------------+----------------------------+-----
Spellcasting   | 5 6 |  6.7
Invocations    | 1 2 3 4 |  4.7
Short Blades   | 1 2 3 4 |  4.3
Axes           | 1 2 3 4 |  4.3
Maces & Flails | 1 2 3 4 |  4.3
Polearms       | 1 2 3 4 |  4.3
Staves         | 1 2 3 4 |  4.3
Slings         | 1 2 3 4 |  4.3
Bows           | 1 2 3 4 |  4.3
Crossbows      | 1 2 3 4 |  4.3
Throwing       | 1 2 3 4 |  4.3
Armour         | 1 2 3 4 |  4.3
Stealth        | 1 2 3 4 |  4.3
Shields        | 1 2 3 4 |  4.3
Unarmed Combat | 1 2 3 4 |  4.3
Evocations     | 1 2 3 4 |  4.3
Conjurations   | 1 2 3 |  3.5
Hexes          | 1 2 3 |  3.5
Charms         | 1 2 3 |  3.5
Summonings     | 1 2 3 |  3.5
Necromancy     | 1 2 3 |  3.5
Translocations | 1 2 3 |  3.5
Transmutations | 1 2 3 |  3.5
Fire Magic     | 1 2 3 |  3.5
Ice Magic      | 1 2 3 |  3.5
Air Magic      | 1 2 3 |  3.5
Earth Magic    | 1 2 3 |  3.5
Poison Magic   | 1 2 3 |  3.5
Fighting       | 7 |  7.9
Long Blades    | 7 |  7.9
Dodging        | 7 |  7.9

Action                   |  1- 3 |  4- 6 |  7- 9 || total
-------------------------+-------+-------+-------++-------
Melee: Long sword        |   112 |   223 |   299 ||   634
       Bite              |     8 |    22 |    21 ||    51
       Punch             |       |       |     3 ||     3
       Unarmed           |       |       |    26 ||    26
 Cast: Sandblast         |       |     4 |    24 ||    28
       Shock             |       |       |    30 ||    30
       Stone Arrow       |       |       |    20 ||    20
  Use: Potion            |       |     2 |     2 ||     4
       Scroll            |       |     2 |       ||     2
 Stab: Sleeping          |     2 |     3 |     8 ||    13
       Distracted        |       |       |     2 ||     2
  Eat: Chunk             |     2 |    11 |    18 ||    31
Armor: Steam dragon scal |    24 |    41 |    96 ||   161
Dodge: Dodged            |    79 |   168 |   277 ||   524
Block: Other             |     4 |    13 |    18 ||    35
